 Dungeon Crawl Stone Soup version 0.28-a0-662-g1651b1f1e0 (webtiles) character file.

Game seed: 8501710005367639093

144 bande the Covered (level 5, -1/33 HPs)
             Began as a Gargoyle Fighter on Oct 15, 2021.
             Slain by Sigmund (5 damage)
             ... on level 3 of the Dungeon.
             The game lasted 00:05:32 (3626 turns).

bande the Covered (Gargoyle Fighter)                Turns: 3626, Time: 00:05:32

Health: -1/33      AC: 15    Str: 20    XL:     5   Next: 26%
Magic:  5/5        EV:  7    Int:  9    God:
Gold:   57         SH:  4    Dex:  9    Spells: 4/4 levels left

rFire   . . .      SeeInvis .   a - +0 war axe
rCold   + . .      Faith    .   c - +0 buckler
rNeg    + . .      Spirit   .   l - +0 chain mail
rPois   ∞          Reflect  .   i - +0 helmet "Ybon" {rC+ Stlth+}
rElec   +          Harm     .   e - +0 cloak
rCorr   .          Rampage  .   (no gloves)
Will    .....                   (no boots)
Stlth   ..........              (no amulet)
HPRegen 0.11/turn               (no ring)
MPRegen 0.09/turn               (no ring)

@: mighty
A: sickness immunity, AC +4, negative energy resistance 1, electricity
resistance, torment resistance 1, petrification resistance
a: no special abilities


You were on level 3 of the Dungeon.
You visited 1 branch of the dungeon, and saw 3 of its levels.

You collected 57 gold pieces.

Inventory:

Hand Weapons
 a - a +0 war axe (weapon)
Armour
 c - a +0 buckler (worn)
 e - a +0 cloak (worn)
 i - the +0 helmet "Ybon" (worn) {rC+ Stlth+}
   (You acquired it on level 3 of the Dungeon)

   rC:        It protects you from cold.
   Stlth:     It makes you more stealthy.
 l - a +0 chain mail (worn)
Wands
 k - a wand of polymorph (4)
Scrolls
 h - a scroll of fear
Potions
 g - 2 potions of lignification {unknown}
 j - a potion of haste {unknown}


   Skills:
 + Level 3.8 Fighting
 + Level 3.2 Axes
 + Level 4.2 Armour
 + Level 4.1 Shields


You had 4 spell levels left.
You didn't know any spells.
Your spell library contained the following spells:

 Spells                   Type           Power      Damage    Failure   Level
 Corpse Rot               Necr/Air       N/A        N/A       99%         2
 Ensorcelled Hibernation  Hex/Ice        0%         N/A       99%         2
 Poisonous Vapours        Pois/Air       0%         N/A       99%         2
 Dazzling Flash           Conj/Hex       0%         N/A       100%        3
 Spider Form              Tmut/Pois      0%         N/A       100%        3
 Agony                    Necr           0%         N/A       100%        5
 Silence                  Hex/Air        0%         N/A       100%        5


Dungeon Overview and Level Annotations

Branches:
Dungeon (3/15)

Altars:
Nemelex Xobeh

Annotations:
D:3 Sigmund


Innate Abilities, Weirdness & Mutations

You are immune to sickness and miasma.
Your stone body is resilient. (AC +4)
You are immune to poison.
You resist negative energy. (rN+)
You are resistant to electric shocks. (rElec)
You are resistant to unholy torment.
You are immune to petrification.


Message History

You are too injured to fight recklessly!
You are too injured to fight recklessly!
You are too injured to fight recklessly!
You are too injured to fight recklessly!
You are too injured to fight recklessly!
Unknown command.
You miss something. You hit the quokka but do no damage.
You block the quokka's attack. Something hits you but does no damage.
Unknown command.
You barely miss something. You hit the quokka.
You kill the quokka!
Something hits you.
Unknown command.
You miss something. Something hits you.
* * * LOW HITPOINT WARNING * * *
You hit something but do no damage.
Unknown command.
You feel better. Something hits you but does no damage.
You feel very mighty all of a sudden. Something hits you.
* * * LOW HITPOINT WARNING * * *
Unknown command.
You closely miss something. Something completely misses you.
You closely miss something. Something hits you.
* * * LOW HITPOINT WARNING * * *
You slash something! You miss something. Something hits you but does no damage.
You miss something.
You hear a zap.
A puff of flame appears from out of thin air!
The puff of flame hits you but does no damage.
Something hits you but does no damage.
You barely miss something. You closely miss something.
You hear some strange, mumbled words.
A magic dart appears from out of thin air!
The magic dart hits you.
* * * LOW HITPOINT WARNING * * *
Something hits you.
You die...

***** *,,,,
###*******************,,,,
#..,,,>,,,,,,,,,,,,,,,,,,,
#.#******************,,,,,
#######.# ##### *,****
#.......# #...# *,*
#.......# #{..# *,*
#.......#######@..# *,*
#......>.......!..# *,*
#.......#######..(#*****
*,* #######.# #...#*,,,*
*,* #######.# ###.#*,,,*
*,* #.....#.# *,,...,,,*
*,* #.......# *,,....,,*
*,* #.....### *,,.....,*
**+*** #.....###
*,,,,..#** *,,,,*


There were no monsters in sight!

Vanquished Creatures
  Ijyb (D:3)
  2 adders
  4 gnolls
  2 worms
  A dart slug (D:1)
  7 ball pythons
  3 bats
  7 endoplasms
  4 giant cockroaches
  8 goblins
  2 hobgoblins
  3 quokkas
  7 frilled lizards
  2 kobolds (D:1)
  2 rats (D:1)
55 creatures vanquished.

Notes
Turn   | Place    | Note
-------+----------+-------------------------------------------
     0 | D:1      | bande the Gargoyle Fighter began the quest for the Orb.
     0 | D:1      | Reached XP level 1. HP: 14/14 MP: 1/1
   161 | D:1      | Reached XP level 2. HP: 19/19 MP: 2/2
  1058 | D:1      | Reached XP level 3. HP: 23/23 MP: 3/3
  1478 | D:1      | Found a faded altar of an unknown god.
  2468 | D:2      | Found a sparkling altar of Nemelex Xobeh.
  2610 | D:1      | Reached XP level 4. HP: 13/28 MP: 4/4
  3382 | D:3      | Identified a scroll of acquirement
  3382 | D:3      | Acquired the +0 helmet "Ybon" {rC+ Stlth+}
  3451 | D:3      | Noticed Ijyb
  3454 | D:3      | Reached XP level 5. HP: 33/33 MP: 5/5
  3547 | D:3      | Killed Ijyb
  3607 | D:3      | Noticed Sigmund
  3626 | D:3      | Slain by Sigmund

Illustrated notes

Levels and vault maps discovered:
D:1:      amcnicky_arrival_wind_blow, layout_basic,
          hellmonk_ecumenical_altar_run_dry, minmay_surrounded
D:2:      layout_loops_ring, basic_altar
D:3:      layout_basic, mainiacjoe_overflow_cross_hatched, serial_shops,
          nicolae_shop_trees, uniq_sigmund, uniq_ijyb, uniq_terence

Skill      XL: |  1  2  3  4 |
---------------+-------------+-----
Axes           | 2 3 |  3.2
Shields        | 4 |  4.1
Armour         | 4 |  4.2
Fighting       | |  3.8

Action                   |  1- 3 |  4- 6 || total
-------------------------+-------+-------++-------
Melee: War axe           |   144 |    59 ||   203
       Unarmed           |       |     6 ||     6
  Use: Scroll            |       |     4 ||     4
       Potion            |       |     2 ||     2
Armor: Scale mail        |    90 |    23 ||   113
       Chain mail        |       |     7 ||     7
Dodge: Dodged            |    78 |    28 ||   106
Block: Buckler           |    35 |    12 ||    47

Table legend: (Time is in decaauts)
 A = Elapsed time spent in this place.
 B = Non-inter-level travel time spent in this place.
 C = Inter-level travel time spent in this place.
 D = Time resting spent in this place.
 E = Time spent auto-exploring this place.
 F = Levels seen in this place.
 G = Mean time per level.
                   A        B        C        D        E       F      G
               +--------+--------+--------+--------+--------+-----+--------+
         Total |   3686 |   3686 |      0 |   1587 |   1372 |   3 | 1228.7 |
       Dungeon |   3686 |   3686 |      0 |   1587 |   1372 |   3 | 1228.7 |
               +--------+--------+--------+--------+--------+-----+--------+

Top non-repeatable levels by time:
     D:1: 2020 daAuts
     D:2: 1418 daAuts
     D:3: 248 daAuts
